 Dungeon Crawl Stone Soup version 0.25-a0-265-g7af84ae (webtiles) character file.

Game seed: 5272166755429032850, levelgen mode: classic

26134 Derfel the Jinx (level 12, 0/64 HPs)
             Began as a Spriggan Enchanter on Mar 12, 2019.
             Was an Elder of Wu Jian.
             Slain by a komodo dragon (21 damage)
             ... on level 6 of the Lair of Beasts on Dec 8, 2019.
             The game lasted 02:40:50 (22678 turns).

Derfel the Jinx (Spriggan Enchanter)               Turns: 22678, Time: 02:40:51

Health: 0/64       AC:  7    Str:  5    XL:     12   Next: 95%
Magic:  21/25      EV: 27    Int: 17    God:    Wu Jian [****..]
Gold:   1226       SH:  6    Dex: 23    Spells: 10/27 levels left

rFire    . . .     SeeInvis +   a - +1 dagger
rCold    + . .     Gourm    .   s - +0 buckler
rNeg     . . .     Faith    .   t - +4 robe "Ilib" {rC+}
rPois    .         Spirit   .   (helmet restricted)
rElec    .         Reflect  .   m - +0 cloak
rCorr    .         Harm     .   (gloves unavailable)
MR       +++..                  (boots unavailable)
Stlth    +++.......             (no amulet)
HPRegen  0.20/turn              y - +3 ring of dexterity
MPRegen  0.19/turn              E - ring of protection from magic

@: hasted, very quick
A: very small, unfitting armour, see invisible, herbivore, speed 3, slow
metabolism 2
a: Wall Jump, Serpent's Lash, Renounce Religion


You were on level 6 of the Lair of Beasts.
You worshipped Wu Jian.
Wu Jian was greatly pleased with you.
You were near starving.

You visited 4 branches of the dungeon, and saw 20 of its levels.
You also visited: Ice Cave.

You collected 1307 gold pieces.
You spent 81 gold pieces at shops.

Inventory:

Hand Weapons
 a - a +1 dagger (weapon)
 b - the +7 hunting sling of War {freeze, +Blink Int+2 Dex-4}
   (You found it on level 8 of the Dungeon)

   It causes projectiles fired from it to freeze those they strike, causing
   extra injury to most foes and up to half again as much damage against
   particularly susceptible opponents.
   They can also slow down cold-blooded creatures.
   It affects your intelligence (+2).
   It affects your dexterity (-4).
   It lets you blink.
 J - a +1 dagger of distortion
Missiles
 e - 530 stones (quivered)
 u - 51 sling bullets
 W - 8 boomerangs
Armour
 m - a +0 cloak (worn)
 s - a +0 buckler (worn)
 t - the +4 robe "Ilib" (worn) {rC+}
   (You took it off an orc wizard on level 6 of the Dungeon)

   It protects you from cold.
 B - a +2 robe of magic resistance
Jewellery
 k - an uncursed ring of protection from fire
 v - an uncursed ring of flight
 y - a +3 ring of dexterity (left hand)
 z - an uncursed ring of magical power
 D - the ring of Notuviche {+Fly rPois rN+ Int-2 Slay+2}
   (You found it on level 8 of the Dungeon)

   [ring of positive energy]

   It affects your intelligence (-2).
   It affects your accuracy and damage with ranged weapons and melee attacks
   (+2).
   It protects you from poison.
   It protects you from negative energy.
   It lets you fly.
 E - a ring of protection from magic (right hand)
 F - an uncursed ring of protection from cold
Wands
 A - a wand of polymorph (19)
 L - a wand of paralysis (14)
 P - a wand of clouds (4)
 T - a wand of digging (16)
 V - a wand of iceblast (8)
Scrolls
 c - 8 scrolls of remove curse {@r2}
 h - 2 scrolls of fog
 i - 7 scrolls of teleportation
 j - 5 scrolls of amnesia
 o - 2 scrolls of immolation
 p - 4 scrolls of magic mapping
 q - a scroll of fear
 r - 2 scrolls of enchant weapon {unknown}
 C - a scroll of holy word {unknown}
 I - a scroll of vulnerability {unknown}
 N - a scroll of enchant armour {unknown}
 S - 5 scrolls of identify {@r1}
Potions
 f - 3 potions of brilliance
 g - 10 potions of curing {@q1}
 l - a potion of mutation
 n - 3 potions of haste
 w - a potion of ambrosia
 x - 2 potions of berserk rage
 G - a potion of agility {unknown}
 H - a potion of might
 M - 4 potions of cancellation
 O - 2 potions of magic
 R - 2 potions of invisibility
 U - 2 potions of heal wounds {@q2}
Miscellaneous
 K - a lightning rod (4/4)
 Q - a phantom mirror
Comestibles
 d - 17 rations


   Skills:
 - Level 8.0 Fighting
 + Level 8.6 Short Blades
 - Level 8.0(8.2) Slings
 - Level 2.1(4.7) Throwing
 - Level 10.0 Dodging
 - Level 12.0 Stealth
 - Level 8.0 Spellcasting
 - Level 4.1 Conjurations
 + Level 12.1 Hexes
 - Level 4.0 Summonings


You had 10 spell levels left.
You knew the following spells:

 Your Spells              Type           Power        Failure   Level  Hunger
a - Corona                Hex            #####..      1%          1    None
b - Ensorcelled Hibernat  Hex/Ice        ####..       2%          2    None
c - Confuse               Hex            #####...     1%          3    #......
d - Tukima's Dance        Hex            #####...     1%          3    #......
e - Dazzling Flash        Conj/Hex       ####..       1%          3    #......
f - Summon Mana Viper     Hex/Summ       ####....     17%         5    #####..

Your spell library contained the following spells:

 Spells                   Type           Power        Failure   Level  Hunger
 Magic Dart               Conj           ###.         3%          1    None
 Summon Butterflies       Summ           ###.....     3%          1    None
 Searing Ray              Conj           ###...       4%          2    None
 Fulminant Prism          Conj/Hex       ####......   6%          4    ###....
 Call Canine Familiar     Summ           ###.....     10%         3    #......
 Iskenderun's Mystic Bla  Conj/Tloc      ##......     58%         4    ###....
 Summon Ice Beast         Ice/Summ       ##......     58%         4    ###....
 Summon Hydra             Summ           ###.......   100%        7    #######


Dungeon Overview and Level Annotations

Branches:
Dungeon (12/15)            Temple (1/1) D:7            Lair (6/6) D:10
  Swamp (0/4) Lair:2       Spider (0/4) Lair:4          Orc (1/2) D:11
  IceCv (visited)
  Slime: Lair:5-6

Altars:
Ashenzari
Cheibriados
Dithmenos
Elyvilon
Fedhas
Gozag
Hepliaklqana
Kikubaaqudgha
Makhleb
Nemelex Xobeh
Okawaru
Qazlal
Ru
Trog
Uskayaw
Vehumet
Wu Jian
Xom
Yredelemnul
Zin
The Shining One

Shops:
D:5 *

Annotations:
D:10 exclusion: 3 doors
D:12 3 runed translucent doors
Lair:1 exclusion: oklob plant, Urug
Lair:5 exclusion: oklob plant
Lair:6 Nessos


Innate Abilities, Weirdness & Mutations

You are very small and have problems with some larger weapons.
You are too small for most types of armour.
You have supernaturally acute eyesight. (SInv)
You are a herbivore.
You cover ground extremely quickly.
You need to consume almost no food.


Message History

The manticore looks frightened!
The sea snake looks frightened!
The black mamba resists with some effort.
* * * LOW HITPOINT WARNING * * *
You feel very sick.
The black mamba splashes around in the water.
* * * LOW HITPOINT WARNING * * *
You feel very sick. You block the black mamba's attack.
Cornered, the komodo dragon turns to fight!
You feel better. The black mamba completely misses you.
Cornered, the hornet turns to fight!
The black mamba completely misses you.
You feel yourself speed up.
You feel less exhausted. The black mamba misses you.
The black mamba completely misses you.
You spin and attack the black mamba repeatedly.
You hit the black mamba but do no damage.
Your unstable footing causes you to fumble your attack.
You block the black mamba's attack. The komodo dragon bites you!!
You die...

≈≈≈≈≈≈≈.......# ..#
#####≈##≈.......# ....
#8≈≈.≈##........# ....
#≈≈≈≈≈≈≈........##.... ≈≈≈
#≈≈≈.≈≈≈≈...^...#.#..#
≈≈≈≈#≈≈≈#≈##≈......###.#.##
[[[≈≈≈≈≈≈≈.≈y#........##.....
≈≈(P≈P≈P8P≈S≈≈≈..............
≈≈}≈≈≈≈≈8≈≈l@≈....<..........
?/)≈≈≈≈≈≈≈#≈##≈........§.....
≈≈≈≈≈≈#≈≈≈#≈#.≈......#...#...
≈≈≈≈≈≈#≈P≈.≈≈≈.......)#PP###.
≈P≈P≈P#≈P≈≈≈≈≈..<........P###
≈≈ #8≈≈#≈##........#....##
#####≈##≈......#.#.†...
≈≈≈≈≈.......##.....
≈≈≈........##.....


You could see a komodo dragon, a black mamba (pinned) and a hornet.

Vanquished Creatures
  Snorg (D:11)
  Harold (D:7)
  A hydra (Lair:1)
  A centaur warrior (D:11)
  Nergalle (D:10)
  A skeletal warrior (D:12)
  3 ugly things
  Psyche (D:9)
  A black mamba (Lair:2)
  A dancing weapon (D:6)
  A centaur skeleton (D:11)
  A gargoyle (D:12)
  6 spiny frogs
  A rime drake (Lair:4)
  7 komodo dragons
  A freezing wraith (D:8)
  2 trolls (D:9)
  A tengu conjurer (D:9)
  A polar bear (Lair:4)
  3 blink frogs (Lair:2)
  5 hippogriffs
  A wraith (D:10)
  7 basilisks
  28 yaks
  A hungry ghost (D:11)
  7 vampire mosquitoes
  A steam dragon (Lair:4)
  9 water moccasins
  3 porcupines
  9 ice beasts
  2 orc warriors
  3 black bears
  3 ogres
  3 sky beasts
  4 wolves (Lair:2)
  4 centaurs
  5 crocodiles
  14 bullfrogs
  A water moccasin zombie (D:7)
  A scorpion (D:9)
  4 wights
  8 killer bees
  4 howler monkeys
  2 jellies (D:9)
  5 crimson imps
  A centaur zombie (D:9)
  2 bullfrog zombies
  A quasit (D:11)
  6 hounds
  2 bullfrog skeletons
  3 orc priests
  9 orc wizards
  Crazy Yiuf (D:2)
  Jessica (D:3)
  5 worker ants
  A hound zombie (D:7)
  2 hound skeletons
  10 adders
  3 gnolls (D:4)
  2 oozes
  An adder skeleton (D:7)
  An adder zombie (D:6)
  2 worms (D:2)
  A dart slug (D:1)
  5 leopard geckos
  27 orcs
  2 ball pythons
  6 bats
  6 giant cockroaches
  10 goblins
  5 hobgoblins
  12 jackals
  5 kobolds (D:1)
  4 quokkas
  2 frilled lizards
  A quokka skeleton (D:4)
  4 rats
313 creatures vanquished.

Vanquished Creatures (collateral kills)
  3 yaks
  An orc warrior (D:6)
  A black bear (D:9)
  4 ogres
  A bullfrog (Lair:4)
  A killer bee (D:7)
  4 wights
  An orc priest (D:12)
  Ijyb (D:5)
  A shadow imp (D:9)
  9 orcs
27 creatures vanquished.

Vanquished Creatures (others)
  14 dancing weapons
  4 fungi
  12 plants
30 creatures vanquished.

Grand Total: 370 creatures vanquished

Notes
Turn   | Place    | Note
-------+----------+-------------------------------------------
     0 | D:1      | Derfel the Spriggan Enchanter began the quest for the Orb.
     0 | D:1      | Reached XP level 1. HP: 9/9 MP: 5/5
   502 | D:1      | Reached XP level 2. HP: 9/13 MP: 4/6
   548 | D:1      | Upgraded the game from 0.24-a0-170-gd8427f5 to
                  | 0.25-a0-67-g7dccc1b
   687 | D:1      | Learned a level 2 spell: Ensorcelled Hibernation
   771 | D:1      | Reached skill level 5 in Stealth
   816 | D:1      | Upgraded the game from 0.25-a0-67-g7dccc1b to
                  | 0.25-a0-105-g2289b3b
  1286 | D:1      | Upgraded the game from 0.25-a0-105-g2289b3b to
                  | 0.25-a0-265-g7af84ae
  1535 | D:1      | Reached XP level 3. HP: 16/16 MP: 8/8
  2357 | D:2      | Found a sparkling altar of Nemelex Xobeh.
  2539 | D:2      | Found a glowing golden altar of the Shining One.
  2541 | D:2      | Found a burning altar of Makhleb.
  2541 | D:2      | Found a hazy altar of Hepliaklqana.
  2543 | D:2      | Found a shattered altar of Ashenzari.
  2543 | D:2      | Found a shimmering altar of Xom.
  2543 | D:2      | Found a snail-covered altar of Cheibriados.
  2638 | D:2      | Found a runed translucent door.
  2639 | D:2      | Noticed Crazy Yiuf
  2722 | D:2      | Killed Crazy Yiuf
  2722 | D:2      | Reached XP level 4. HP: 21/21 MP: 9/9
  2894 | D:2      | Learned a level 3 spell: Confuse
  3042 | D:3      | Found a hide-covered altar of Uskayaw.
  3042 | D:3      | Found a basalt altar of Yredelemnul.
  3043 | D:3      | Found a stormy altar of Qazlal.
  3167 | D:3      | Reached XP level 5. HP: 24/24 MP: 10/10
  3172 | D:3      | Learned a level 3 spell: Tukima's Dance
  3205 | D:3      | Reached skill level 5 in Hexes
  3333 | D:3      | Found an ornate altar of the Wu Jian Council.
  3422 | D:3      | Noticed a crocodile
  3429 | D:3      | Killed a crocodile
  3450 | D:3      | Noticed Jessica
  3454 | D:3      | Killed Jessica
  3797 | D:4      | Noticed an ogre
  3830 | D:4      | Noticed an ogre
  3881 | D:4      | Found a blossoming altar of Fedhas.
  4200 | D:4      | Killed an ogre
  4200 | D:4      | Reached XP level 6. HP: 28/28 MP: 7/13
  4859 | D:5      | Entered Level 5 of the Dungeon
  4939 | D:5      | Found a shattered altar of Ashenzari.
  4965 | D:5      | Found Avahuil's Assorted Antiques.
  4967 | D:5      | Noticed Ijyb
  5004 | D:5      | Killed Ijyb
  5020 | D:5      | Bought an embroidered robe for 81 gold pieces
  5044 | D:5      | Reached skill level 1 in Fighting
  5430 | D:6      | Reached XP level 7. HP: 29/33 MP: 14/14
  5510 | D:6      | Identified the +4 robe "Ilib" {rC+}
  5762 | D:6      | Found a snail-covered altar of Cheibriados.
  6161 | D:6      | Reached skill level 5 in Short Blades
  6599 | D:6      | Learned a level 3 spell: Dazzling Flash
  6831 | D:6      | Reached skill level 1 in Conjurations
  7053 | D:6      | Found a sacrificial altar of Ru.
  7340 | D:7      | Reached skill level 5 in Spellcasting
  7340 | D:7      | Reached XP level 8. HP: 39/39 MP: 16/16
  7519 | D:7      | Noticed Harold
  8252 | D:7      | Found a staircase to the Ecumenical Temple.
  8261 | Temple   | Entered the Ecumenical Temple
  8470 | D:3      | Became a worshipper of the Wu Jian Council
  9357 | D:8      | You fall into a shaft and drop 2 floors!
  9357 | D:10     | Entered Level 10 of the Dungeon
  9406 | D:10     | Noticed Nergalle
  9554 | D:10     | Noticed a hippogriff
  9567 | D:10     | Killed a hippogriff
  9567 | D:10     | Reached XP level 9. HP: 45/45 MP: 19/19
  9574 | D:10     | Reached skill level 1 in Throwing
  9584 | D:10     | Found a stormy altar of Qazlal.
  9714 | D:8      | Got a scorched brass ring
  9948 | D:7      | Identified the ring of Notuviche {+Fly rPois rN+ Int-2
                  | Slay+2} (You found it on level 8 of the Dungeon)
 10026 | D:8      | Got a shimmering hunting sling
 10027 | D:8      | Identified the +7 hunting sling of War {freeze, +Blink
                  | Int+2 Dex-4} (You found it on level 8 of the Dungeon)
 10222 | D:8      | Reached skill level 1 in Slings
 10337 | D:8      | Found an iron altar of Okawaru.
 10391 | D:8      | Found a radiant altar of Vehumet.
 10391 | D:8      | Found a burning altar of Makhleb.
 10559 | D:9      | Reached * piety under Wu Jian
 10586 | D:9      | Noticed a troll
 10604 | D:9      | Reached skill level 5 in Dodging
 10606 | D:9      | Noticed a freezing wraith
 10809 | D:9      | HP: 2/45 [freezing wraith (7)]
 11177 | D:8      | Killed a freezing wraith
 11724 | D:9      | Killed a troll
 11733 | D:9      | Found a glowing silver altar of Zin.
 11736 | D:9      | Identified the +2 long sword of the Final Demons {chaos,
                  | rElec rC- Dex+6}
 11736 | D:9      | Noticed a tengu conjurer
 11743 | D:9      | Noticed Psyche
 12010 | D:7      | Killed Harold
 12010 | D:7      | Reached XP level 10. HP: 51/51 MP: 0/20
 12160 | D:9      | Killed Psyche
 12177 | D:9      | Reached skill level 5 in Fighting
 13514 | D:10     | Killed Nergalle
 13514 | D:10     | Reached ** piety under Wu Jian
 13514 | D:10     | Reached skill level 10 in Hexes
 13596 | D:10     | Noticed a death yak
 13597 | D:10     | Noticed a death yak
 13597 | D:10     | Noticed a death yak
 13597 | D:10     | Noticed a death yak
 13597 | D:10     | Noticed a death yak
 13936 | D:10     | Noticed a death yak
 14078 | D:11     | Noticed Snorg
 14087 | D:11     | Found a frozen archway.
 14088 | D:11     | Killed Snorg
 14100 | IceCv    | Entered an ice cave
 14200 | IceCv    | Noticed a white ugly thing
 14217 | IceCv    | Noticed an ice statue
 14217 | IceCv    | Noticed an ice statue
 14231 | IceCv    | Killed a white ugly thing
 14231 | IceCv    | Reached XP level 11. HP: 58/58 MP: 8/21
 14327 | IceCv    | Noticed a white ugly thing
 14491 | D:11     | Found a snail-covered altar of Cheibriados.
 14499 | D:11     | Found a staircase to the Orcish Mines.
 14558 | D:11     | Noticed a brown ugly thing
 15085 | D:11     | Killed a brown ugly thing
 15085 | D:11     | Reached *** piety under Wu Jian
 15170 | D:11     | Noticed a centaur warrior
 15182 | D:11     | Killed a centaur warrior
 15182 | D:11     | Reached skill level 10 in Stealth
 15461 | D:12     | Noticed a green ugly thing
 15467 | D:12     | Killed a green ugly thing
 15490 | D:12     | Reached skill level 5 in Slings
 15736 | Orc:1    | Entered Level 1 of the Orcish Mines
 15746 | Orc:1    | Learned a level 5 spell: Summon Mana Viper
 15913 | D:12     | Noticed a skeletal warrior
 15913 | D:12     | Noticed a skeletal warrior
 15915 | D:12     | Noticed a skeletal warrior
 16047 | D:12     | Noticed a skeletal warrior
 16056 | D:12     | Killed a skeletal warrior
 16071 | D:12     | Reached skill level 1 in Summonings
 16426 | D:12     | Found a runed translucent door.
 16426 | D:12     | Noticed an unseen horror
 16427 | D:12     | Noticed a storm dragon
 16429 | D:12     | Found a runed translucent door.
 16429 | D:12     | Found a runed translucent door.
 16429 | D:12     | Noticed a tengu warrior
 16800 | D:10     | Noticed a death yak
 16815 | D:10     | Noticed a death yak
 16876 | D:10     | Found a staircase to the Lair.
 16907 | Lair:1   | Entered Level 1 of the Lair of Beasts
 17448 | Lair:1   | Noticed a five-headed hydra
 17453 | Lair:1   | Killed a five-headed hydra
 17540 | Lair:1   | Noticed an oklob plant
 17569 | Lair:1   | Noticed Urug
 18085 | Lair:2   | Noticed a four-headed hydra
 18118 | Lair:2   | Reached XP level 12. HP: 63/63 MP: 18/25
 18187 | Lair:2   | Reached **** piety under Wu Jian
 18218 | Lair:2   | Found a staircase to the Swamp.
 21128 | Lair:4   | Found a hole to the Spider Nest.
 21332 | Lair:4   | Noticed a catoblepas
 21332 | Lair:4   | Noticed a death yak
 22037 | Lair:5   | Reached skill level 10 in Dodging
 22056 | Lair:5   | Reached ***** piety under Wu Jian
 22603 | Lair:6   | Entered Level 6 of the Lair of Beasts
 22603 | Lair:6   | Noticed Nessos
 22670 | Lair:6   | Found the +0 Maxwell's etheric cage {RegenMP+ *Contam rElec
                  | MP+4}
 22678 | Lair:6   | Slain by a komodo dragon

Levels and vault maps discovered:
D:1:      shiori_arrival_elements, layout_basic
D:2:      layout_loops_ring, marbit_many_paths, doesnt_xom_only_xom,
          uniq_crazy_yiuf_cottage
D:3:      layout_loops_ring, grunt_temple_overflow_open,
          lemuel_coloured_pillars_altar, uniq_jessica
D:4:      layout_loops_cross, fedhas_altar_1
D:5:      layout_basic, nicolae_overflow_crystal_walls, serial_shops,
          nicolae_shop_statue_plus, first_ration, uniq_ijyb
D:6:      layout_basic, basic_altar, serial_curves, eino_curves_04,
          eino_curves_02, nicolae_ru_the_path_less_chosen
D:7:      layout_basic, lemuel_round_altar, minmay_temple_entry_nine_rooms,
          uniq_harold
D:8:      layout_cave_pools, grunt_temple_overflow_lords_of_destruction,
          kennysheep_mini, grunt_pizzeria, kennysheep_generic_room_5
D:9:      hangedman_cross_cluster, layout_gridville, uniq_psyche
D:10:     layout_roguey, dpeg_lair_monsters, grunt_qazlal_clouds, uniq_nergalle
D:11:     layout_irregular_city, orc_0_dummy, portal_ice_cave_entry_pillars_2,
          basic_altar, uniq_snorg
D:12:     minmay_the_grid_triangle_9x9_recursive_2_mashed
          [minmay_the_grid_triangle_9x9_prize_insulated,
          minmay_the_grid_triangle_9x9_semitri,
          minmay_the_grid_triangle_9x9_pentomino_pain,
          minmay_the_grid_triangle_9x9_fully_insulated_deathbox], layout_basic,
          nrook_loot_triangle
Temple:   cyrus_temple_forest
Lair:1:   layout_chaotic_city, minmay_lair_oklob_chamber, uniq_urug
Lair:2:   layout_layer_cave, minmay_swamp_entry_swarm, minivault_23,
          serial_bayou_crossing
Lair:3:   layout_misc_corridors, kennysheep_basilisk_garden, lemuel_fruit_fields
Lair:4:   layout_hall_layers, dummy_spider_entry, nicolae_lair_yak_garden,
          grunt_megastairs_4, lemuel_fruit_fields
Lair:5:   layout_gridlike
Lair:6:   gammafunk_lair_ancient_temple, layout_regular_city, slime_altar_1,
          ebering_ghost_xom, lemuel_fruit_tree, uniq_nessos
Orc:1:    layout_caves

Skill      XL: |  1  2  3  4  5  6  7  8  9 10 11 12 |
---------------+-------------------------------------+-----
Hexes          | 4 5 6 9 10 11 12 | 12.1
Stealth        | 5 6 9 10 12 | 12.0
Short Blades   | 2 3 4 5 6 7 8 |  8.6
Spellcasting   | 4 5 6 8 |  8.0
Fighting       | 1 2 4 6 7 8 |  8.0
Conjurations   | 1 4 |  4.1
Throwing       | 2 |  2.1
Dodging        | 6 7 10 | 10.0
Slings         | 4 7 8 |  8.0
Summonings     | 3 4 |  4.0

Action                   |  1- 3 |  4- 6 |  7- 9 | 10-12 || total
-------------------------+-------+-------+-------+-------++-------
Melee: Dagger            |   142 |   160 |   248 |   525 ||  1075
       Hunting sling     |       |       |    38 |     1 ||    39
 Fire: Hunting sling     |       |       |    66 |    22 ||    88
Throw: Stone             |    30 |     5 |     4 |     9 ||    48
 Cast: Corona            |    14 |     2 |       |     1 ||    17
       Ensorcelled Hiber |    34 |    15 |    75 |   172 ||   296
       Confuse           |       |    10 |    96 |   131 ||   237
       Tukima's Dance    |       |    11 |    41 |    22 ||    74
       Dazzling Flash    |       |       |     3 |    10 ||    13
       Summon Mana Viper |       |       |       |     2 ||     2
Invok: Lunge             |       |       |    26 |    71 ||    97
       Whirlwind         |       |       |     9 |    58 ||    67
       Serpent's Lash    |       |       |       |     3 ||     3
 Abil: Evoke Blink       |       |       |     1 |       ||     1
       Wall Jump         |       |       |       |     8 ||     8
Evoke: Wand              |       |       |     1 |     1 ||     2
  Use: Scroll            |     5 |     5 |     8 |    14 ||    32
       Potion            |       |       |     3 |     8 ||    11
 Stab: Sleeping          |    28 |    17 |    44 |   102 ||   191
       Confused          |       |     7 |    31 |    62 ||   100
       Invisible         |       |       |       |    10 ||    10
       Distracted        |       |       |       |     3 ||     3
  Eat: Ration            |     1 |     2 |     9 |     7 ||    19
Armor: Robe              |    10 |    14 |    29 |    29 ||    82
Dodge: Dodged            |   115 |   121 |   230 |   383 ||   849
Block: Buckler           |       |       |    59 |   131 ||   190

Table legend:
 A = Non-vault XP
 B = Vault XP
 C = Vault XP percentage of total XP
 D = Non-vault monster count
 E = Vault monster count
 F = Vault count percentage of total count
                 A         B        C        D         E       F
            +---------+---------+-------+---------+---------+-------
      Total |   28468 |    8867 |  23.7 |     291 |      48 |  14.2
            +---------+---------+-------+---------+---------+-------
        D:1 |      51 |       0 |   0.0 |      26 |       0 |   0.0
        D:2 |      90 |      39 |  30.2 |      16 |       2 |  11.1
        D:3 |     154 |      37 |  19.4 |      15 |       1 |   6.2
        D:4 |     245 |       0 |   0.0 |      12 |       0 |   0.0
        D:5 |      74 |      25 |  25.3 |       3 |       1 |  25.0
        D:6 |    1002 |       0 |   0.0 |      31 |       0 |   0.0
        D:7 |     767 |     976 |  56.0 |      24 |       1 |   4.0
        D:8 |     373 |     555 |  59.8 |       6 |       5 |  45.5
        D:9 |     751 |    1898 |  71.6 |      16 |      17 |  51.5
       D:10 |    1086 |     812 |  42.8 |      16 |       1 |   5.9
       D:11 |    3378 |    1123 |  25.0 |      23 |       1 |   4.2
       D:12 |    2887 |       0 |   0.0 |      21 |       0 |   0.0
     Lair:1 |    3722 |       0 |   0.0 |      12 |       0 |   0.0
     Lair:2 |    5183 |    1469 |  22.1 |      25 |       8 |  24.2
     Lair:3 |     774 |     536 |  40.9 |       4 |       3 |  42.9
     Lair:4 |    3067 |      84 |   2.7 |      16 |       1 |   5.9
     Lair:5 |    4591 |       0 |   0.0 |      23 |       0 |   0.0
     Lair:6 |     151 |       0 |   0.0 |       1 |       0 |   0.0
      Orc:1 |     122 |       0 |   0.0 |       1 |       0 |   0.0
      IceCv |       0 |    1313 | 100.0 |       0 |       7 | 100.0
            +---------+---------+-------+---------+---------+-------
